[Event "Team 45 45 League T85"]
[Site "Internet Chess Club"]
[Date "2020.07.06"]
[Round "1"]
[White "chesskix"]
[Black "dabodhi"]
[Result "1-0"]
[WhiteElo "1446"]
[BlackElo "1326"]
[Opening "Réti: King's Indian attack (Barcza system)"]
[ECO "A07"]
[Time "19:02:59"]
[TimeControl "2700+45"]

1. Nf3 d5 2. g3 Nf6 3. Bg2 e6 4. d3 c5 5. O-O Nc6 6. a3 a5 7. Nbd2 Be7 8. Re1
O-O 9. e4 b5 10. e5 Nd7 11. c4 bxc4 12. dxc4 Nb6 13. b3 Ba6 14. Qc2 Bb7 15. Bb2
Qc7 16. Bf1 d4 17. Bd3 h6 18. Rad1 Nd7 19. Bc1 Ncxe5 20. Be4 d3 21. Qc3 Bf6 22.
Nxe5 Nxe5 23. Kg2 Bxe4+ 24. Rxe4 Rfd8 25. Qb2 Qc6 26. Qa2 Rd4 27. Re1 Ng6 28. f3
Bg5 29. Rxd4 cxd4 30. Ne4 Bxc1 31. Rxc1 f5 32. Nd2 Ne5 33. h3 g5 34. Re1 Ng6 35.
Qb1 Rd8 36. Qxd3 Kf7 37. Kf2 Qd6 38. Nb1 Qc5 39. Kf1 Ne5 40. Qe2 d3 41. Qxe5 Qc6
42. Nd2 Qd7 43. Qxa5 Re8 44. Qe5 Qa7 45. a4 Qb7 46. Qc3 Qd7 47. a5 Qc7 48. Qe5
Qb7 49. Qb5 Qc7 50. Kf2 Qa7+ 51. Qb6 Qd7 52. a6 Ra8 53. Ra1 {Black forfeits on
time} 1-0

[Event "Team 45 45 League T85"]
[Site "Internet Chess Club"]
[Date "2020.07.04"]
[Round "1"]
[White "Just-Jim"]
[Black "oldprez1"]
[Result "1-0"]
[WhiteElo "1291"]
[BlackElo "1245"]
[Opening "Pirc: classical, h3 system"]
[ECO "B08"]
[Time "12:00:13"]
[TimeControl "2700+45"]

1. Nf3 Nf6 2. Nc3 g6 3. e4 d6 4. d4 Bg7 5. h3 O-O 6. d5 e5 7. dxe6 Bxe6 8. Bd3
Nc6 9. Ng5 Bd7 10. O-O Ne5 11. f4 Nxd3 12. cxd3 c5 13. f5 b5 14. fxg6 fxg6 15.
Qb3+ c4 16. dxc4 Qe8 17. c5+ Kh8 18. Bf4 h6 19. Bxd6 hxg5 20. Bxf8 Be6 21. Bxg7+
Kxg7 22. Qb4 Bc4 23. Rfe1 a5 24. Qa3 Qe5 25. Nd5 Qd4+ 26. Kh1 Nxe4 27. Nc7 Nf2+
28. Kh2 b4 29. Qg3 Rf8 30. Re7+ Kh6 31. Re5 Ne4 32. Rxe4 Qxe4 33. Qd6 Qf4+ 34.
Qxf4 gxf4 35. Rc1 Bxa2 36. c6 Rf7 37. Nb5 Be6 38. c7 f3 39. gxf3 Rxf3 40. Nd4
Rf2+ 41. Kg3 Rxb2 42. Nxe6 a4 43. c8=Q a3 44. Qf8+ Kh5 45. Qh8# {Black
checkmated} 1-0

[Event "Team 45 45 League T85"]
[Site "Internet Chess Club"]
[Date "2020.07.06"]
[Round "1"]
[White "OGO"]
[Black "rhayder"]
[Result "0-1"]
[WhiteElo "1190"]
[BlackElo "1151"]
[Opening "Pirc: classical system, 5.Be2"]
[ECO "B73"]
[Time "12:13:12"]
[TimeControl "2700+45"]

1. d4 Nf6 2. Nc3 g6 3. Nf3 Bg7 4. e4 d6 5. Be2 O-O 6. O-O c5 7. Be3 cxd4 8. Nxd4
Nc6 9. Bf3 Ne5 10. Rc1 Nxf3+ 11. Nxf3 b6 12. e5 dxe5 13. Qxd8 Rxd8 14. Nxe5 Bf5
15. Nc6 Rd7 16. f3 Be6 17. Nb5 Bc4 18. Nbxa7 Bxf1 19. Kxf1 Raxa7 20. Nxa7 Rxa7
21. Bxb6 Rxa2 22. b4 Nd5 23. Bc5 e6 24. Ke2 Bc3 25. b5 Rb2 26. b6 Nxb6 27. Bxb6
Rxb6 28. Kd3 Be5 29. h3 Rb2 {White resigns} 0-1

[Event "Team 45 45 League T85"]
[Site "Internet Chess Club"]
[Date "2020.07.04"]
[Round "1"]
[White "kabindra"]
[Black "clarinetref"]
[Result "1-0"]
[WhiteElo "1663"]
[BlackElo "1408"]
[Opening "Robatsch defense: Pseudo-Austrian attack"]
[ECO "B06"]
[Time "12:01:11"]
[TimeControl "2700+45"]

1. e4 g6 2. d4 Bg7 3. f4 d6 4. Nc3 a6 5. a4 e6 6. Nf3 b6 7. Bd3 Bb7 8. O-O c5 9.
dxc5 bxc5 10. f5 Nd7 11. fxe6 fxe6 12. Ng5 Bd4+ 13. Kh1 Ne5 14. Nxe6 Qe7 15. Nd5
Bxd5 16. exd5 Nf6 17. Bg5 Ned7 18. Nxd4 cxd4 19. Bxf6 Qxf6 20. Rxf6 Nxf6 21.
Qe2+ Kd8 22. Qe6 Ne8 23. Re1 Kc7 24. a5 Rd8 25. Bxa6 Ng7 26. Qf7+ Rd7 27. Re7
{Black resigns} 1-0

[Event "Team 45 45 League T85"]
[Site "Internet Chess Club"]
[Date "2020.07.01"]
[Round "1"]
[White "sdcohle"]
[Black "Conjurer"]
[Result "1/2-1/2"]
[WhiteElo "1278"]
[BlackElo "1194"]
[Opening "Sicilian: closed"]
[ECO "B24"]
[Time "17:00:42"]
[TimeControl "2700+45"]

1. e4 c5 2. Nc3 Nc6 3. g3 e6 4. Bg2 g6 5. d3 Bg7 6. Nge2 Nge7 7. Be3 b6 8. f4
Bb7 9. O-O O-O 10. d4 cxd4 11. Nxd4 Rc8 12. Nde2 a6 13. Rb1 Qc7 14. Na4 b5 15.
Nc5 e5 16. Qxd7 Rfd8 17. Qxc7 Rxc7 18. Nxa6 Rcd7 19. Nc5 Rc7 20. Nd3 Nd4 21.
Bxd4 exd4 22. Rbc1 f5 23. Rcd1 Rxc2 24. Rfe1 fxe4 25. Ne5 d3 26. Nc3 d2 27. Rf1
Rxb2 28. Nxe4 Bxe4 29. Bxe4 Nf5 30. Bxf5 gxf5 31. a3 Bf8 32. Kg2 Bxa3 33. Kf3
Rb3+ 34. Ke2 Bc5 35. Rxd2 Re3+ 36. Kd1 Rxd2+ 37. Kxd2 b4 38. Nc4 Rc3 39. Nb2
Be3+ {Game drawn by mutual agreement} 1/2-1/2

[Event "Team 45 45 League T85"]
[Site "Internet Chess Club"]
[Date "2020.07.01"]
[Round "1"]
[White "kabubi"]
[Black "gregorgg"]
[Result "0-1"]
[WhiteElo "1124"]
[BlackElo "1303"]
[Opening "Sicilian"]
[ECO "B50"]
[Time "15:34:25"]
[TimeControl "2700+45"]

1. e4 c5 2. Nf3 d6 3. d3 g6 4. Nbd2 Bg7 5. g3 Nf6 6. Bg2 Nc6 7. O-O O-O 8. Qe2
a6 9. c3 Rb8 10. b3 b5 11. Re1 b4 12. c4 Re8 13. Nf1 Bg4 14. h3 Bxf3 15. Bxf3
Nd4 16. Qd1 Nd7 17. Be3 Nxf3+ 18. Qxf3 Bxa1 19. Rxa1 e6 20. Bh6 Qf6 21. Nh2
Qxa1+ 22. Kg2 Qf6 {White resigns} 0-1

[Event "Team 45 45 League T85"]
[Site "Internet Chess Club"]
[Date "2020.07.07"]
[Round "1"]
[White "dwmt"]
[Black "WzeroMN"]
[Result "0-1"]
[WhiteElo "1159"]
[BlackElo "1100"]
[Opening "Polish (Sokolsky) opening"]
[ECO "A00"]
[Time "09:04:11"]
[TimeControl "2700+45"]

1. b4 d5 2. Bb2 f6 3. d3 e5 4. e3 Bxb4+ 5. c3 Ba5 6. g3 Nh6 7. Bg2 O-O 8. Qb3 c6
9. a4 Nd7 10. Ba3 Re8 11. Bb4 Qb6 12. Bxa5 Qxb3 13. Bb4 Qb2 14. Nf3 Qxa1 15. O-O
Qxa4 16. Bd6 Qb5 17. Ne1 Qxb1 18. d4 exd4 19. cxd4 Qg6 20. Nf3 a5 21. Nh4 Qc2
22. Nf3 a4 23. Ra1 a3 24. Rxa3 Rxa3 25. Bxa3 Qd1+ 26. Bf1 Qxf3 27. Bg2 Qf5 28.
h3 Qb1+ 29. Bf1 b5 30. Bd6 b4 31. Bxb4 Qxb4 32. Kg2 Nf5 33. h4 h6 34. Bd3 c5 35.
dxc5 Ne7 36. c6 Nxc6 37. Bg6 Re7 38. h5 Nce5 39. Bf5 Nc5 40. Bxc8 Qb2 41. Bf5
Ne4 42. Bxe4 dxe4 43. Kh3 f5 44. Kg2 Ng4 45. Kh3 Qxf2 46. Kh4 Qh2# {White
checkmated} 0-1

[Event "Team 45 45 League T85"]
[Site "Internet Chess Club"]
[Date "2020.07.03"]
[Round "1"]
[White "rookmaster23"]
[Black "Portola"]
[Result "0-1"]
[WhiteElo "1604"]
[BlackElo "1706"]
[Opening "French: Rubinstein variation"]
[ECO "C10"]
[Time "10:00:51"]
[TimeControl "2700+45"]

1. e4 e6 2. d4 d5 3. Nc3 dxe4 4. Nxe4 Be7 5. Nf3 Nd7 6. Bd3 Ngf6 7. Qe2 O-O 8.
Bg5 c5 9. dxc5 Nxc5 10. Nxc5 Qa5+ 11. c3 Qxc5 12. Be3 Qc7 13. Nd4 Bd7 14. h4 Bc6
15. Nxc6 Qxc6 16. Rg1 Nd5 17. Qh5 g6 18. Qh6 Nxe3 19. Qxe3 Bc5 20. Qg3 Bd6 21.
Qg5 Qc7 22. h5 Be7 23. Qh6 Qe5+ 24. Qe3 Qxh5 25. g4 Qc5 26. Qh3 Qe5+ 27. Be2
Rad8 28. Rh1 Qg7 29. f4 Rd6 30. Kf2 Rd2 31. b3 Rfd8 32. g5 Bc5+ 33. Ke1 Bb6 34.
Bf3 Bc7 35. Qh4 R2d3 36. Kf2 Bb6+ 37. Kg2 Rd2+ 38. Kh3 Qxc3 39. Kg4 Qg7 40. Bxb7
R2d4 41. Ba6 Rxf4+ 42. Kxf4 Rd4+ 43. Kg3 Rxh4 44. Kxh4 Qd4+ 45. Kg3 Qe3+ 46. Kg4
Qe4+ 47. Kg3 Bc7+ 48. Kf2 Qf5+ 49. Ke2 Qxg5 50. Rac1 Qg2+ 51. Kd3 Qf3+ 52. Kc2
Bf4 53. Rcf1 Qc6+ 54. Kb1 Qe4+ 55. Kb2 Be5+ 56. Kc1 Qe3+ 57. Kc2 Qd4 58. Re1
Qc3+ 59. Kd1 Qa1+ {White resigns} 0-1

[Event "Team 45 45 League T85"]
[Site "Internet Chess Club"]
[Date "2020.07.04"]
[Round "1"]
[White "justice02"]
[Black "sburreus09"]
[Result "0-1"]
[WhiteElo "1563"]
[BlackElo "1564"]
[Opening "King's pawn opening"]
[ECO "B07"]
[Time "15:00:22"]
[TimeControl "2700+45"]

1. e4 d6 2. Bc4 Nf6 3. d3 Bg4 4. f3 Bh5 5. Ne2 Nbd7 6. Ng3 e5 7. Bg5 Be7 8. Nf5
O-O 9. Nc3 c6 10. a4 h6 11. Be3 Re8 12. Qd2 Bf8 13. O-O Bg6 14. Kh1 d5 15. exd5
Bxf5 16. dxc6 bxc6 17. g4 Bh7 18. g5 hxg5 19. Bxg5 Qc7 20. Rg1 Nh5 21. Qg2 Bc5
22. Rgf1 Nf4 23. Qg4 Qd6 24. Ne4 Bxe4 25. fxe4 Qg6 26. Qxd7 Qxg5 27. Bxf7+ Kf8
28. Rg1 Bxg1 29. Rxg1 Qf6 30. Bxe8 Rxe8 31. Qxa7 Ne2 32. Qc5+ Re7 33. h3 Qf3+
34. Kh2 Nxg1 35. Qxg1 Rf7 36. Qc5+ Kg8 37. Qc4 Qf2+ 38. Kh1 Kh7 {White resigns}
0-1

[Event "Team 45 45 League T85"]
[Site "Internet Chess Club"]
[Date "2020.07.03"]
[Round "1"]
[White "tryanything"]
[Black "cap78red"]
[Result "1-0"]
[WhiteElo "1543"]
[BlackElo "1527"]
[Opening "King's pawn opening"]
[ECO "B07"]
[Time "04:51:41"]
[TimeControl "2700+45"]

1. e4 d6 2. Nc3 Nf6 3. Nf3 g6 4. h3 Bg7 5. Bc4 O-O 6. O-O Nxe4 7. Nxe4 d5 8.
Bxd5 Qxd5 9. d3 Nc6 10. c3 Bf5 11. Re1 Rad8 12. Bf4 e5 13. Bh2 Qxd3 14. Qxd3
Rxd3 15. Nc5 Rd5 16. Ne4 Rd3 17. Nc5 Rd5 18. Ne4 Bxe4 19. Rxe4 f5 20. Ree1 e4
21. Ng5 Rd2 22. Ne6 Rf7 23. Nxg7 Kxg7 24. Rab1 f4 25. Rxe4 Rfd7 26. Bxf4 Rd1+
27. Re1 Rxb1 28. Rxb1 Ne7 29. g4 c6 30. Re1 h6 31. Be3 Nd5 32. Bxa7 b6 33. Bb8
g5 34. Re6 Ne7 35. Be5+ Kh7 36. a3 Ng6 37. Re8 Nxe5 38. Rxe5 Rd2 39. Re7+ Kg8
40. Re6 Rxb2 41. Rxc6 Kg7 42. Kg2 Rb3 43. a4 Ra3 44. Rxb6 Rxc3 45. a5 Ra3 46. a6
h5 47. gxh5 Kh8 48. f3 Ra4 49. Kg3 Kg8 50. Rb8+ Kh7 51. Rb7+ Kh6 52. a7 Kxh5 53.
Rc7 Ra2 54. Rh7+ Kg6 55. Rb7 Kh5 56. Rb5 Rxa7 57. h4 Ra1 58. Rxg5+ Kh6 59. Rg4
Kh5 60. Kf2 Rh1 61. Ke3 Rxh4 62. Rxh4+ Kxh4 63. Kf4 Kh5 64. Kf5 Kh6 65. Kf6 Kh7
66. f4 Kg8 67. Ke7 Kg7 68. f5 {Black resigns} 1-0

[Event "Team 45 45 League T85"]
[Site "Internet Chess Club"]
[Date "2020.07.06"]
[Round "1"]
[White "nosir"]
[Black "clarinetref"]
[Result "0-1"]
[WhiteElo "1423"]
[BlackElo "1425"]
[Opening "King's Indian: Torre attack"]
[ECO "A48"]
[Time "18:04:16"]
[TimeControl "2700+45"]

1. d4 Nf6 2. Nf3 g6 3. Bg5 Bg7 4. Nbd2 d6 5. e4 Nbd7 6. Bd3 h6 7. Bh4 e5 8. c3
c6 9. Nc4 Qc7 10. Qe2 O-O 11. Bg3 b5 12. Ncd2 Re8 13. dxe5 dxe5 14. h3 Bb7 15.
Rc1 Rad8 16. O-O Nh5 17. Bb1 Nf4 18. Qe3 g5 19. Rfe1 c5 20. c4 b4 21. Nh2 Nb6
22. b3 Rd7 23. Rcd1 Red8 24. Nhf3 Rd3 25. Bxd3 Rxd3 26. Bxf4 Rxe3 27. Bxe3 a5
28. Nh2 Qe7 29. f3 Nd7 30. Ndf1 Kh7 31. Ng3 Nf6 32. Nf5 Qc7 33. Ng4 Bc8 34. Nxg7
Bxg4 35. hxg4 Kxg7 36. Rd2 Kg6 37. Red1 h5 38. Rd6 hxg4 39. fxg4 Kg7 40. Bc1 Qb7
41. Bb2 Qxe4 42. Bc1 Qxg4 43. Rf1 Ne4 44. Rd5 f6 45. Rd7+ Kg6 46. Rf3 Nc3 47. a4
Qxd7 48. Bb2 Qd1+ 49. Rf1 Qd4+ 50. Rf2 Ne2+ 51. Kf1 Qd1# {White checkmated} 0-1

[Event "Team 45 45 League T85"]
[Site "Internet Chess Club"]
[Date "2020.07.05"]
[Round "1"]
[White "LuFran"]
[Black "zugknightly"]
[Result "1-0"]
[WhiteElo "1768"]
[BlackElo "1670"]
[Opening "Sicilian: Nimzovich-Rossolimo attack (with ...g6, without ...d6)"]
[ECO "B31"]
[Time "17:04:36"]
[TimeControl "2700+45"]

1. e4 c5 2. Nf3 Nc6 3. Bb5 g6 4. O-O Bg7 5. Re1 e5 6. Bxc6 bxc6 7. c3 Ne7 8. d4
cxd4 9. cxd4 exd4 10. Nxd4 O-O 11. Nc3 Qb6 12. Nb3 Qc7 13. Kh1 f5 14. Bg5 Bf6
15. Bxf6 Rxf6 16. Qf3 Qe5 17. exf5 Qd6 18. Rad1 Qb4 19. Re4 Qb6 20. Rxe7 Rxf5
21. Qh3 Rh5 22. Qe3 Qxe3 23. Rxe3 d5 24. Re8+ Kg7 25. Rde1 Rf5 26. Kg1 Rf7 27.
Nd4 Bb7 28. Rxa8 Bxa8 29. Re8 Bb7 30. Na4 Rf4 31. Ne6+ Kf7 32. Rf8+ {Black
resigns} 1-0

[Event "Team 45 45 League T85"]
[Site "Internet Chess Club"]
[Date "2020.07.06"]
[Round "1"]
[White "scostanzo212"]
[Black "julesraider"]
[Result "1-0"]
[WhiteElo "1554"]
[BlackElo "1569"]
[Opening "King's Indian: orthodox, Aronin-Taimanov, 9.Ne1"]
[ECO "E98"]
[Time "20:06:35"]
[TimeControl "2700+45"]

1. d4 Nf6 2. c4 g6 3. Nc3 Bg7 4. e4 d6 5. Nf3 O-O 6. Be2 e5 7. O-O Nc6 8. d5 Ne7
9. Ne1 Nd7 10. Be3 f5 11. f3 f4 12. Bf2 g5 13. Nd3 Nf6 14. c5 h5 15. cxd6 cxd6
16. Rc1 Ng6 17. Nb5 Rf7 18. a4 g4 19. b4 Bf8 20. a5 Rg7 21. Qc2 Ne8 22. Nxa7 Bd7
23. Bb6 Qg5 24. b5 Nh4 25. Kh1 Nxg2 26. Rg1 g3 27. Bf1 Nh4 28. Ne1 g2+ 29. Bxg2
Qh6 30. Qf2 Be7 31. a6 Rb8 32. axb7 Rxb7 33. Nc6 Qf6 34. Na5 Rb8 35. Ba7 Rxb5
36. Nc6 Kh7 37. Nxe7 Qxe7 38. Bf1 Rxg1+ 39. Qxg1 Rb3 40. Qf2 Ra3 41. Bb8 Qd8 42.
Qb2 Re3 43. Ba7 Qg5 44. Bxe3 fxe3 45. Qe2 Qf4 46. Ng2 Nxg2 47. Bxg2 h4 48. h3
Qg3 49. Qe1 Qf4 50. Rc3 Bxh3 51. Bxh3 Qxf3+ 52. Bg2 Qg4 53. Rxe3 Nf6 54. Rh3 Nh5
55. Rxh4 Qg6 56. Qe2 Kg7 57. Qxh5 Qg3 58. Rg4+ {Black resigns} 1-0

[Event "Team 45 45 League T85"]
[Site "Internet Chess Club"]
[Date "2020.07.02"]
[Round "1"]
[White "olivermx"]
[Black "Kingofknights"]
[Result "0-1"]
[WhiteElo "1300"]
[BlackElo "1508"]
[Opening "Caro-Kann: advance variation"]
[ECO "B12"]
[Time "11:01:45"]
[TimeControl "2700+45"]

1. e4 c6 2. d4 d5 3. e5 c5 4. c3 Nc6 5. Bd3 cxd4 6. cxd4 Nxd4 7. Be3 Nc6 8. Nf3
e6 9. Nbd2 Nge7 10. Bf4 Ng6 11. Bg3 Bd7 12. a3 Rc8 13. O-O Qb6 14. b4 Be7 15.
Rc1 O-O 16. Nb3 Rfd8 17. Qe2 a6 18. Rfe1 Na7 19. Nbd4 a5 20. bxa5 Qxa5 21. Qb2
Bxa3 22. Qa2 Bb4 23. Qxa5 Bxa5 24. Red1 Nc6 25. Bb5 Nxd4 26. Nxd4 Rc3 27. Bxd7
Rxd7 28. Rxc3 Bxc3 29. Nb5 Bxe5 30. Bxe5 Nxe5 31. Rc1 Nc4 32. Na3 Nd6 33. Nb5 g6
34. Nxd6 Rxd6 35. Rc7 Rb6 36. g3 Kg7 37. Rd7 Kf6 38. f4 Rb2 39. Kh1 b5 40. Kg1
b4 41. Kh1 b3 42. Rb7 Rb1+ 43. Kg2 b2 44. Kf2 Rh1 {White resigns} 0-1

[Event "Team 45 45 League T85"]
[Site "Internet Chess Club"]
[Date "2020.07.04"]
[Round "1"]
[White "tightfist"]
[Black "Andaluz"]
[Result "1-0"]
[WhiteElo "1530"]
[BlackElo "1360"]
[Opening "Dunst (Sleipner, Heinrichsen) opening"]
[ECO "A00"]
[Time "11:07:21"]
[TimeControl "2700+45"]

1. Nc3 Nf6 2. e4 Nc6 3. Nf3 d6 4. d4 Bg4 5. Be2 e6 6. O-O Be7 7. b3 O-O 8. Bb2
d5 9. e5 Nd7 10. a3 a6 11. Rc1 b5 12. b4 Nb6 13. Nd2 Bxe2 14. Nxe2 Nc4 15. Nxc4
bxc4 16. f4 f5 17. Nc3 Na7 18. Na4 Nc6 19. Nc5 Qc8 20. Qh5 g6 21. Qh6 Rf7 22.
Rf3 Bf8 23. Qh3 Nd8 24. c3 c6 25. Rcf1 Nb7 26. Na4 Qc7 27. g4 a5 28. Nc5 Nxc5
29. dxc5 axb4 30. cxb4 Be7 31. Rg3 Kh8 32. gxf5 gxf5 33. Rf2 Rg8 34. Rfg2 Rfg7
35. Qh6 Rxg3 36. Rxg3 Rxg3+ 37. hxg3 Qd7 38. Qh5 Kg7 39. Bd4 {Black forfeits on
time} 1-0

[Event "Team 45 45 League T85"]
[Site "Internet Chess Club"]
[Date "2020.07.05"]
[Round "1"]
[White "Chess4Him"]
[Black "stanbeers"]
[Result "1-0"]
[WhiteElo "1455"]
[BlackElo "1415"]
[Opening "Queen's pawn, Mason variation"]
[ECO "D00"]
[Time "21:00:57"]
[TimeControl "2700+45"]

1. d4 d5 2. Bf4 Nf6 3. e3 c5 4. Nf3 cxd4 5. exd4 Bf5 6. c3 Nh5 7. Be5 Nc6 8. Bb5
Nf6 9. O-O e6 10. Nh4 a6 11. Bxc6+ bxc6 12. Nxf5 exf5 13. Qa4 Qd7 14. Re1 Be7
15. Bxf6 gxf6 16. Nd2 O-O 17. f4 Kh8 18. Nf3 Bd6 19. g3 Rg8 20. Kf2 Qb7 21. Qc2
Rae8 22. b4 Re4 23. Qd2 Rge8 24. Rxe4 fxe4 25. Qe3 Qd7 26. Nd2 Qh3 27. Nf1 Qc8
28. Kg1 Rg8 29. Kh1 Qg4 30. Qf2 f5 31. Ne3 Qg6 32. Rg1 Qe6 33. Rg2 f6 34. Qe2
Ra8 35. Qh5 Rg8 36. Qxf5 Qxf5 37. Nxf5 Bf8 38. a4 Bxb4 39. cxb4 Rb8 40. Rb2 Rb7
41. Ne3 Kg7 42. Nf5+ Kg6 43. g4 {Black resigns} 1-0

[Event "Team 45 45 League T85"]
[Site "Internet Chess Club"]
[Date "2020.07.02"]
[Round "1"]
[White "xingon"]
[Black "BrerRabbit"]
[Result "0-1"]
[WhiteElo "1371"]
[BlackElo "1384"]
[Opening "Queen's bishop game"]
[ECO "D00"]
[Time "19:00:39"]
[TimeControl "2700+45"]

1. d4 d5 2. Bf4 Nf6 3. Nf3 c5 4. c3 Nc6 5. e3 Qb6 6. Qb3 c4 7. Qxb6 axb6 8. Nbd2
b5 9. Be2 b4 10. O-O bxc3 11. bxc3 e6 12. Rfb1 Be7 13. Ne5 O-O 14. Nxc6 bxc6 15.
Be5 Ba6 16. Bxf6 Bxf6 17. g3 Bb5 18. e4 Rfb8 19. a4 Ba6 20. e5 Bd8 21. f4 Ba5
22. Rxb8+ Rxb8 23. Rb1 Rb7 24. Rxb7 Bxb7 25. Nb1 Kf8 26. Kf1 Ke7 27. Ke1 Kd7 28.
Kd2 Kc7 29. Kc1 Bb6 30. Kb2 c5 31. Na3 Bc6 32. dxc5 Bxc5 33. Bd1 Bg1 34. Nb5+
Bxb5 35. axb5 Bxh2 36. Ka3 Kb6 {White resigns} 0-1

[Event "Team 45 45 League T85"]
[Site "Internet Chess Club"]
[Date "2020.07.01"]
[Round "1"]
[White "dpmdpm"]
[Black "rawtoureux"]
[Result "0-1"]
[WhiteElo "1446"]
[BlackElo "1336"]
[Opening "Sicilian: Canal-Sokolsky attack, 3...Bd7"]
[ECO "B52"]
[Time "15:30:05"]
[TimeControl "2700+45"]

1. e4 c5 2. Nf3 d6 3. Bb5+ Bd7 4. Bxd7+ Nxd7 5. O-O Ngf6 6. Nc3 g6 7. d4 cxd4 8.
Nxd4 e5 9. Nf3 Be7 10. Bg5 Qb6 11. Bxf6 Nxf6 12. Rb1 O-O 13. Nd5 Qd8 14. Nxf6+
Bxf6 15. Qd5 b6 16. Rbd1 Be7 17. Ne1 Rc8 18. f4 Rc5 19. Qd3 f6 20. b4 Rc7 21.
Qb3+ Kg7 22. fxe5 fxe5 23. Nf3 Bf6 24. Qd3 Rd7 25. h3 a5 26. bxa5 bxa5 27. Nh2
Qb6+ 28. Kh1 h5 29. Rb1 Qc6 30. Nf3 g5 31. g4 hxg4 32. hxg4 Rh8+ 33. Kg2 d5 34.
exd5 Rxd5 35. Qb3 e4 36. Qb7+ Qd7 37. Qxd7+ Rxd7 38. Ne1 Be5 39. Rf5 Rd2+ 40.
Kg1 Bh2+ 41. Kf1 Bf4 42. Rb7+ Kg8 43. Rb8+ Bxb8 {White resigns} 0-1

[Event "Team 45 45 League T85"]
[Site "Internet Chess Club"]
[Date "2020.07.02"]
[Round "1"]
[White "chessnutdale"]
[Black "Ostap-Bender"]
[Result "1-0"]
[WhiteElo "1318"]
[BlackElo "1306"]
[Opening "Sicilian: closed"]
[ECO "B23"]
[Time "13:00:42"]
[TimeControl "2700+45"]

1. e4 c5 2. Nc3 e6 3. Bc4 Nc6 4. d3 Nf6 5. f4 d5 6. Bb5 a6 7. Bxc6+ bxc6 8. e5
Nd7 9. Nf3 Be7 10. O-O O-O 11. b3 Bb7 12. Qe2 Rb8 13. Nd2 Qb6 14. Na4 Qa7 15. c4
Nb6 16. Nb2 Rfd8 17. Qg4 Bc8 18. Nf3 Qd7 19. Bd2 Qe8 20. Rf2 f5 21. exf6 Bxf6
22. Ne5 Bxe5 23. fxe5 Qg6 24. Qf4 Nd7 25. Raf1 Bb7 26. Qe3 Rf8 27. Nd1 Rxf2 28.
Rxf2 Rf8 29. Rxf8+ Kxf8 30. Nf2 Qf5 31. b4 Qxe5 32. cxd5 cxd5 33. bxc5 Qxe3 34.
Bxe3 Bc6 35. d4 e5 36. a3 exd4 37. Bxd4 Kf7 38. Nd3 g6 39. Nb4 Nb8 40. Be5 a5
41. Nxd5 Bxd5 42. Bxb8 Ke6 43. g3 Kd7 44. Kf2 Kc6 45. Bd6 Kb5 46. Ke3 Kc4 47.
Kf4 Kb3 48. Kg5 Bc6 49. Kh6 Kxa3 50. Kxh7 Kb3 51. Kxg6 a4 52. h4 a3 53. h5 a2
54. Be5 Kc4 55. h6 Kxc5 56. h7 Be4+ 57. Kg7 Bxh7 58. Kxh7 Kd5 59. Ba1 Ke6 60. g4
Kf7 61. g5 Kf8 62. g6 {Black resigns} 1-0

[Event "Team 45 45 League T85"]
[Site "Internet Chess Club"]
[Date "2020.07.04"]
[Round "1"]
[White "Gojira"]
[Black "olivermx"]
[Result "0-1"]
[WhiteElo "1599"]
[BlackElo "1328"]
[Opening "Queen's pawn: Chigorin variation"]
[ECO "D00"]
[Time "11:02:30"]
[TimeControl "2700+45"]

1. d4 d5 2. Nc3 Nf6 3. Bf4 a6 4. e3 Bf5 5. f3 e6 6. g4 Bg6 7. h4 h6 8. Bd3 Bxd3
9. cxd3 Nc6 10. Rc1 Bd6 11. Nge2 Bxf4 12. Nxf4 Qd6 13. Qb3 Qb4 14. Qc2 O-O-O 15.
a3 Qd6 16. b4 e5 17. dxe5 Qxe5 18. Kf2 d4 19. Ne4 Nxe4+ 20. fxe4 dxe3+ 21. Kxe3
Rhf8 22. Qc5 Qxc5+ 23. Rxc5 Rfe8 24. Rhc1 Rd7 25. Nd5 Kb8 26. d4 Rc8 27. a4 Ne7
28. Nb6 cxb6 29. Rxc8+ Nxc8 30. Rf1 g6 31. Rf6 Kc7 32. h5 Ne7 33. Kd3 Nc6 34. d5
Ne5+ 35. Kd4 Nxg4 36. hxg6 Nxf6 {White resigns} 0-1

[Event "Team 45 45 League T85"]
[Site "Internet Chess Club"]
[Date "2020.07.05"]
[Round "1"]
[White "MartyJR"]
[Black "rkjulianjr"]
[Result "0-1"]
[WhiteElo "1599"]
[BlackElo "1340"]
[Opening "QGD Slav defense"]
[ECO "D10"]
[Time "15:01:25"]
[TimeControl "2700+45"]

1. d4 d5 2. c4 c6 3. Nc3 Nf6 4. e3 Bf5 5. cxd5 Nxd5 6. Qb3 Nxc3 7. bxc3 Qb6 8.
Nf3 Qxb3 9. axb3 e6 10. Be2 Nd7 11. O-O Nf6 12. c4 Be7 13. Ba3 a5 14. Ne5 Ne4
15. Bb2 Bb4 16. Bc1 Ke7 17. Bg4 Bxg4 18. Nxg4 f6 19. f3 h5 20. Nf2 Nc3 21. Nd3
Ne2+ 22. Kh1 Nxc1 23. Rfxc1 Bd2 24. Rc2 Bxe3 25. d5 Rhd8 26. Re1 Bd4 27. Rxe6+
Kf7 28. Rce2 a4 29. Re7+ Kf8 30. bxa4 Rxa4 31. Rxb7 Ra1+ 32. Re1 Re8 33. Rxa1
Bxa1 34. Rb1 Bd4 35. dxc6 Rc8 36. c7 Rxc7 37. Nf4 Rxc4 38. Ne6+ Kf7 39. Nxd4
Rxd4 40. h3 Kg6 41. Kg1 h4 42. Rb2 Kh5 43. Kf2 g5 44. Ke3 Rf4 45. Rb7 Kg6 46.
Rb6 Kf7 47. Rb7+ Kg6 48. Rd7 Kh6 49. Rd4 Rxd4 50. Kxd4 Kg6 51. Ke4 f5+ 52. Ke5
f4 53. Ke6 Kh5 54. Kf5 Kh6 55. Kg4 Kg6 56. g3 fxg3 {White resigns} 0-1

[Event "Team 45 45 League T85"]
[Site "Internet Chess Club"]
[Date "2020.07.05"]
[Round "1"]
[White "oldbookseller"]
[Black "seldredg"]
[Result "0-1"]
[WhiteElo "988"]
[BlackElo "1325"]
[Opening "Queen's pawn game"]
[ECO "D04"]
[Time "13:30:36"]
[TimeControl "2700+45"]

1. d4 d5 2. Nf3 Nf6 3. e3 Bf5 4. Nbd2 h6 5. c3 e6 6. Be2 Bd6 7. O-O O-O 8. a3 c6
9. b4 Qc7 10. g3 Nbd7 11. c4 e5 12. c5 Be7 13. Bb2 Nh7 14. dxe5 Ng5 15. Nd4 Qxe5
16. N2f3 Nxf3+ 17. Bxf3 Bh3 18. Re1 Nf6 19. Qc2 Bg4 20. Rad1 Qh5 21. e4 Bxf3 22.
Nf5 Qh3 23. Nxe7+ Kh8 24. e5 Qg2# {White checkmated} 0-1

[Event "Team 45 45 League T85"]
[Site "Internet Chess Club"]
[Date "2020.07.04"]
[Round "1"]
[White "cadmiumorange"]
[Black "filmdirector"]
[Result "1-0"]
[WhiteElo "1752"]
[BlackElo "1621"]
[Opening "Ruy Lopez: Caro variation"]
[ECO "C70"]
[Time "10:00:35"]
[TimeControl "2700+45"]

1. e4 e5 2. Nf3 Nc6 3. Bb5 a6 4. Ba4 b5 5. Bb3 Nf6 6. Qe2 Bc5 7. c3 d6 8. O-O
Be6 9. Bc2 O-O 10. d3 h6 11. Be3 Bxe3 12. fxe3 Ng4 13. h3 Nf6 14. Nbd2 d5 15. d4
dxe4 16. Nxe4 Nxe4 17. Bxe4 Bc4 18. Bd3 e4 19. Bxc4 exf3 20. Qxf3 bxc4 21. Qxc6
Qe7 22. Rae1 Rfb8 23. Rf2 a5 24. Qxc4 a4 25. e4 a3 26. b3 Rb6 27. e5 Rg6 28.
Ref1 Rf8 29. Qd3 Qg5 30. Qf5 Qg3 31. Qf3 Qg5 32. Qf4 Qh5 33. Kh2 f5 34. d5 Rb6
35. e6 Rd6 36. c4 g5 37. Qe5 f4 38. Rxf4 Re8 39. Rf7 Qg6 40. R1f6 Qc2 41. Rf8+
Rxf8 42. Rxf8+ Kxf8 43. Qh8+ Ke7 44. Qg7+ Kd8 45. Qf8# {Black checkmated} 1-0

[Event "Team 45 45 League T85"]
[Site "Internet Chess Club"]
[Date "2020.07.05"]
[Round "1"]
[White "Beetlejuice"]
[Black "BrianWood"]
[Result "1-0"]
[WhiteElo "1706"]
[BlackElo "1595"]
[Opening "Queen's gambit declined"]
[ECO "D30"]
[Time "14:00:55"]
[TimeControl "2700+45"]

1. d4 d5 2. c4 e6 3. Nf3 Nf6 4. g3 c5 5. cxd5 exd5 6. Bg2 Be7 7. O-O O-O 8. Nc3
c4 9. Ne5 Nc6 10. Bg5 Be6 11. b3 h6 12. Nxc6 bxc6 13. Bxf6 Bxf6 14. bxc4 dxc4
15. e3 Qa5 16. Ne4 Be7 17. Qc2 Bd5 18. Rfc1 Ba3 19. Rcb1 Rab8 20. Nd2 Rxb1+ 21.
Rxb1 Bxg2 22. Kxg2 c3 23. Ne4 Bb2 24. Nc5 Qxa2 25. Na4 Qd5+ 26. Kg1 Rb8 27. Nxc3
Qb3 28. Qxb3 Rxb3 29. Nd1 {Black resigns} 1-0